 Dungeon Crawl Stone Soup version 0.29-a0-270-g1586fc07ea (webtiles) character file.

Game seed: 8047756573038085828

32 bearlyready the Bolt Thrower (level 3, -4/21 HPs)
             Began as a Kobold Hunter on Mar 7, 2022.
             Slain by Terence
             ... wielding a +0 flail
              (10 damage)
             ... on level 2 of the Dungeon.
             The game lasted 00:02:18 (1105 turns).

bearlyready the Bolt Thrower (Kobold Hunter)        Turns: 1105, Time: 00:02:19

Health: -4/21      AC:  3    Str:  9    XL:     3   Next: 45%
Magic:  3/3        EV: 14    Int: 12    God:
Gold:   56         SH:  0    Dex: 17    Spells: 2/2 levels left

rFire   . . .      SeeInvis .   a - +1 hand crossbow
rCold   . . .      Faith    .   (no shield)
rNeg    . . .      Spirit   .   b - +0 leather armour
rPois   .          Reflect  .   (no helmet)
rElec   .          Harm     .   (no cloak)
rCorr   .          Rampage  .   (no gloves)
Will    .....                   (no boots)
Stlth   +++.......              (no amulet)
HPRegen 0.07/turn               (no ring)
MPRegen 0.08/turn               (no ring)

@: no status effects
A: small, no large weapons, nightstalker 3
a: no special abilities


You were on level 2 of the Dungeon.
You visited 1 branch of the dungeon, and saw 2 of its levels.

You collected 56 gold pieces.

Inventory:

Hand Weapons
 a - a +1 hand crossbow (weapon)
Missiles
 k - 7 stones
Armour
 b - a +0 leather armour (worn)
Jewellery
 f - a ring of resist corrosion
Scrolls
 c - a scroll of immolation
 e - a scroll of vulnerability {unknown}
Potions
 d - a potion of cancellation {unknown}
 g - a potion of haste {unknown}
 h - a potion of brilliance {unknown}
 i - a potion of heal wounds {unknown}
 j - a potion of attraction {unknown}


   Skills:
 - Level 2.1 Fighting
 + Level 6.7 Crossbows
 - Level 2.4 Dodging
 - Level 1.3 Stealth


You had 2 spell levels left.
You didn't know any spells.
Your spell library contained the following spells:

 Spells                   Type           Power      Damage    Failure   Level
 Blade Hands              Tmut           0%         N/A       100%        5
 Irradiate                Conj/Tmut      0%         3d13      100%        5
 Dragon Form              Tmut           0%         N/A       100%        7


Dungeon Overview and Level Annotations

Branches:
Dungeon (2/15)

Altars:

Annotations:
D:2 Terence


Innate Abilities, Weirdness & Mutations

You are small and have problems with some larger weapons.
You are completely attuned to the shadows.


Message History

The jackal attacks as you move away! The jackal bites you.
The jackal bites you but does no damage.
You shoot a bolt. The bolt hits the jackal!
You kill the jackal!
Terence closely misses you.
You shoot a bolt. The bolt hits Terence.
Terence is moderately wounded.
Terence closely misses you.
You shoot a bolt. The bolt hits Terence.
Terence is moderately wounded.
Terence hits you with a +0 flail.
You shoot a bolt. The bolt hits Terence.
Terence is heavily wounded.
Terence hits you with a +0 flail!
Ouch! That really hurt!
* * * LOW HITPOINT WARNING * * *
You are too injured to fight recklessly!
Shoot: a) +1 hand crossbow
Press: ? - help, Q - select action, (/) - cycle Shift-Dir - straight line, f/p - Terence
Aim: Terence, wielding a +0 flail and wearing a +0 scale mail (heavily wounded, 69% to hit)
You shoot a bolt. The bolt hits Terence.
Terence is severely wounded.
Terence misses you. Terence barely misses you.
Shoot: a) +1 hand crossbow
Press: ? - help, Q - select action, (/) - cycle Shift-Dir - straight line, f/p - Terence
Aim: Terence, wielding a +0 flail and wearing a +0 scale mail (severely wounded, 69% to hit)
You shoot a bolt. The bolt closely misses Terence.
Terence misses you.
Shoot: a) +1 hand crossbow
Press: ? - help, Q - select action, (/) - cycle Shift-Dir - straight line, f/p - Terence
Aim: Terence, wielding a +0 flail and wearing a +0 scale mail (severely wounded, 69% to hit)
You shoot a bolt. The bolt hits Terence.
Terence is almost dead.
Terence completely misses you.
Shoot: a) +1 hand crossbow
Press: ? - help, Q - select action, (/) - cycle Shift-Dir - straight line, f/p - Terence
Aim: Terence, wielding a +0 flail and wearing a +0 scale mail (almost dead, 69% to hit)
You shoot a bolt. The bolt barely misses Terence.
Terence hits you with a +0 flail!
You die...

#.
#.###########
#+#.....)@@....
h.......#######
.)..?...+
........#
........+
........#
........#
........#


You could see Terence.

Vanquished Creatures
  A dart slug (D:1)
  3 ball pythons (D:1)
  3 bats (D:1)
  5 endoplasms (D:1)
  A giant cockroach (D:1)
  2 hobgoblins (D:1)
  3 jackals (D:2)
  4 quokkas (D:1)
  2 frilled lizards (D:1)
  A rat (D:1)
25 creatures vanquished.

Notes
Turn   | Place    | Note
-------+----------+-------------------------------------------
     0 | D:1      | bearlyready the Kobold Hunter began the quest for the Orb.
     0 | D:1      | Reached XP level 1. HP: 12/12 MP: 1/1
    59 | D:1      | Reached XP level 2. HP: 17/17 MP: 2/2
   147 | D:1      | Reached skill level 6 in Crossbows
   429 | D:1      | Reached XP level 3. HP: 8/21 MP: 3/3
  1091 | D:2      | Noticed Terence
  1105 | D:2      | Slain by Terence

Illustrated notes

Levels and vault maps discovered:
D:1:      dpeg_arrival_pits, layout_basic
D:2:      layout_basic, shapermc_ecumenical_altar_mp_ritualfount, basic_altar,
          minmay_misc_feat_enclosed, uniq_terence, uniq_natasha, uniq_sigmund

Skill      XL: |  1  2 |
---------------+-------+-----
Crossbows      | 6 |  6.7
Fighting       | |  2.1
Dodging        | |  2.4
Stealth        | |  1.3

Action                   || total
-------------------------++-------
 Fire: Hand crossbow     ||    67
Armor: Leather armour    ||     4
Dodge: Dodged            ||    31

Table legend: (Time is in decaauts)
 A = Elapsed time spent in this place.
 B = Non-inter-level travel time spent in this place.
 C = Inter-level travel time spent in this place.
 D = Time resting spent in this place.
 E = Time spent auto-exploring this place.
 F = Levels seen in this place.
 G = Mean time per level.
                   A        B        C        D        E       F      G
               +--------+--------+--------+--------+--------+-----+--------+
         Total |   1120 |   1097 |     23 |      0 |    976 |   2 |  560.0 |
       Dungeon |   1120 |   1097 |     23 |      0 |    976 |   2 |  560.0 |
               +--------+--------+--------+--------+--------+-----+--------+

Top non-repeatable levels by time:
     D:1: 1100 daAuts
     D:2: 20 daAuts
